Knights vs Punishers
Created - February 22, 2020 at 19:14
Goals
|
| Knights |
0 |
1 |
3 |
4 |
| Punishers |
0 |
1 |
1 |
2 |
|
Shots
|
| Knights |
11 |
9 |
11 |
31 |
| Punishers |
7 |
12 |
11 |
30 |
|
1st period
No Goal
Penalties :
Adam Pelech (Pro) for Roughing (Minor) at 10:48, Radek Faksa (Pro) for Holding (Minor) at 17:09
2nd period
1. Knights , Noel Acciari 18 (Jonathan Huberdeau 26) at 9:51 (PP)
2. Punishers , Tyler Bertuzzi 15 (Slava Voynov 39, Miikka Salomaki 27) at 19:05
Penalties :
Slava Voynov (Pro) for Roughing (Minor) at 2:31, Andreas Athanasiou (Pro) for Hooking (Minor) at 8:51, Miro Aaltonen (Lon) for Hooking (Minor) at 11:13
3rd period
3. Knights , Josh Morrissey 2 (Jonathan Huberdeau 27, Noel Acciari 26) at 2:15 (PP)
4. Knights , Jordan Martinook 16 (Ryan Strome 28, Miro Aaltonen 29) at 8:47
5. Punishers , Robbie Earl 25 (Andreas Athanasiou 23, Mattias Tedenby 5) at 12:25
6. Knights , Jonathan Huberdeau 16 (Noel Acciari 27, Josh Bailey 35) at 12:39
Penalties :
Slava Voynov (Pro) for Hooking (Minor) at 2:05, Andreas Athanasiou (Pro) for Diving (Minor) at 3:45, Dylan DeMelo (Pro) for Hooking (Minor) at 18:43
Goalie Stats
Elvis Merzlikins (Lon), 28 saves from 30 shots - (0.933), W, 7-2-0, 60:00 minutes
Daniel Altshuller (Pro), 27 saves from 31 shots - (0.871), L, 4-7-3, 60:00 minutes
Players Stats for Knights
Player Name G A P +/- PIM S H SB GA TA FO MP PP MP PK MP
------------------------------------------------------------------------------------
Brendan Gaunce 0 0 0 -2 0 2 0 0 0 0 2/2 12:09 0:00 0:49
Collin Miller 0 0 0 -1 0 1 2 0 0 0 0/0 21:04 3:25 0:35
Jonathan Huberdeau 1 2 3 1 0 6 2 0 1 1 2/2 22:12 5:37 0:46
Jordan Martinook 1 0 1 1 0 2 2 0 0 0 0/0 14:53 0:02 1:00
Josh Bailey 0 1 1 1 0 0 1 0 0 0 2/2 21:08 5:37 0:00
Josh Morrissey 1 0 1 -1 0 2 1 0 0 3 0/0 21:34 7:38 0:00
Kevin Fiala 0 0 0 0 0 0 0 0 0 0 0/1 7:53 0:00 0:00
Linden Vey 0 0 0 -2 0 2 1 0 1 0 0/1 11:46 0:04 0:00
Ludwig Bystrom 0 0 0 0 0 0 0 2 0 2 0/0 12:59 0:00 0:35
Matthew Benning 0 0 0 0 0 3 0 1 0 1 0/0 12:55 0:31 0:00
Michael Matheson 0 0 0 1 0 0 2 1 0 0 0/0 25:31 2:48 1:24
Miro Aaltonen 0 1 1 1 2 2 0 2 3 0 2/5 17:13 4:41 0:00
Nathan Walker 0 0 0 -2 0 1 2 0 1 0 0/0 15:44 4:43 0:00
Nicolas Petan 0 0 0 0 0 0 0 0 0 0 4/5 7:07 0:00 0:09
Noel Acciari 1 2 3 1 0 3 0 0 0 0 22/39 22:27 5:37 1:01
Ryan Strome 0 1 1 1 0 1 2 1 0 1 0/0 17:02 4:43 0:00
Tomas Kundratek 0 0 0 1 0 3 3 1 0 0 0/0 25:57 6:22 1:24
Vince Hinostroza 0 0 0 0 0 3 0 0 0 0 0/0 8:26 0:02 0:13
Players Stats for Punishers
Player Name G A P +/- PIM S H SB GA TA FO MP PP MP PK MP
------------------------------------------------------------------------------------
Adam Pelech 0 0 0 -1 2 2 1 4 0 1 0/0 26:20 1:05 4:50
Alex Schoenborn 0 0 0 0 0 0 1 0 0 0 0/0 2:57 0:00 2:24
Andreas Athanasiou 0 1 1 1 4 1 3 0 0 0 9/27 19:35 1:01 1:58
Austen Brassard 0 0 0 0 0 0 0 0 0 0 0/0 7:20 0:00 0:00
Ben Betker 0 0 0 0 0 0 1 3 0 1 0/0 14:07 0:00 3:08
Carter Ashton 0 0 0 1 0 3 2 0 2 0 0/0 11:47 0:04 0:00
Daniel Audette 0 0 0 0 0 0 0 0 0 0 0/0 0:00 0:00 0:00
Dylan DeMelo 0 0 0 1 2 0 0 0 0 1 0/0 23:55 0:54 4:12
Elias Lindholm 0 0 0 -2 0 0 2 0 0 0 0/5 13:10 0:54 0:00
Garret Ross 0 0 0 -2 0 3 2 0 0 0 0/0 13:10 0:54 0:00
John Macfarland 0 0 0 0 0 1 0 0 0 0 0/0 2:56 0:04 1:43
John Quenneville 0 0 0 0 0 0 2 0 0 0 1/1 7:20 0:00 0:00
Madison Bowey 0 0 0 1 0 1 0 0 0 1 0/0 24:57 0:54 3:39
Mattias Tedenby 0 1 1 1 0 6 0 0 2 0 4/11 22:26 1:01 5:38
Michael Joly 0 0 0 0 0 0 0 0 0 0 0/0 0:21 0:04 0:00
Miikka Salomaki 0 1 1 -2 0 2 2 0 0 0 2/4 16:21 0:54 3:11
Nikita Gusev 0 0 0 0 0 0 1 0 0 0 0/0 7:20 0:00 0:00
Radek Faksa 0 0 0 1 2 1 1 1 2 1 5/6 12:20 0:00 0:12
Robbie Earl 1 0 1 1 0 6 1 1 1 0 2/3 22:26 1:01 5:38
Slava Voynov 0 1 1 -1 4 1 2 2 1 0 0/0 29:17 1:05 4:55
Tyler Bertuzzi 1 0 1 1 0 3 1 0 0 1 0/0 11:26 0:00 0:00
3 Stars
1 - Jonathan Huberdeau (Lon)
2 - Noel Acciari (Lon)
3 - Jordan Martinook (Lon)
Power Play
Knights - 2 on 7 Attempt(s) - 28.57%
Punishers - 0 on 1 Attempt(s) - 0.00%
Penalty Kill
Knights - 1 on 1 Attempt(s) - 100.00%
- Score 0 goal in Penalty Kill
Punishers - 5 on 7 Attempt(s) - 71.43%
- Score 0 goal in Penalty Kill
Team Stat
Knights - Hits : 18 - Faceoff Wins : 34 - Blocked Shots : 8 - Penalty Minutes : 2
Punishers - Hits : 22 - Faceoff Wins : 23 - Blocked Shots : 11 - Penalty Minutes : 14
Official
Referees : Unknown
Linesman : Unknown
Game Notes
Nicolas Petan is injured at 6:22 of 3rd period (Sprained Left Finger)
Tomas Kundratek is injured at 17:17 of 3rd period (Strained Right Knee)
Finance
Level 1 -- Attendance: 1204 (60.20%) -- Ticket Income $48,160
Level 2 -- Attendance: 621 (62.10%) -- Ticket Income $12,420
Total Attendance: 1825 (60.83%)
Total Ticket Income: $60,580
Other Income: $3,029
Total Income: $63,609
Knights
5 vs 5 Forward
Center Left Wing Right Wing Time % Phy DF OF
1 Noel Acciari Jonathan Huberdeau Josh Bailey 40 1 1 3
2 Miro Aaltonen Jordan Martinook Ryan Strome 30 1 2 2
3 Brendan Gaunce Nathan Walker Linden Vey 20 0 2 3
4 Nicolas Petan Kevin Fiala Vince Hinostroza 10 0 2 3
5 vs 5 Defense
Defense Defense Time % Phy DF OF
1 Michael Matheson Tomas Kundratek 40 1 2 2
2 Collin Miller Josh Morrissey 30 1 2 2
3 Matthew Benning Ludwig Bystrom 20 1 2 2
4 Michael Matheson Tomas Kundratek 10 1 2 2
PowerPlay Forward
Center Left Wing Right Wing Time % Phy DF OF
1 Noel Acciari Jonathan Huberdeau Josh Bailey 60 0 1 4
2 Miro Aaltonen Nathan Walker Ryan Strome 40 0 1 4
PowerPlay Defense
Defense Defense Time % Phy DF OF
1 Josh Morrissey Tomas Kundratek 60 0 1 4
2 Michael Matheson Collin Miller 40 0 1 4
Penalty Kill 4 Players Forward
Center Wing Time % Phy DF OF
1 Noel Acciari Jordan Martinook 60 1 3 1
2 Brendan Gaunce Vince Hinostroza 40 1 3 1
Penalty Kill 4 Players Defense
Defense Defense Time % Phy DF OF
1 Michael Matheson Tomas Kundratek 60 1 3 1
2 Ludwig Bystrom Collin Miller 40 1 3 1
Penalty Kill - 3 Players Forward
Forward Time % Phy DF OF
1 Noel Acciari 60 0 4 1
2 Vince Hinostroza 40 0 4 1
Penalty Kill - 3 Players Defense
Defense Defense Time % Phy DF OF
1 Ludwig Bystrom Tomas Kundratek 60 1 3 1
2 Michael Matheson Collin Miller 40 1 3 1
4 vs 4 Forward
Center Wing Time % Phy DF OF
1 Noel Acciari Josh Bailey 60 1 2 2
2 Miro Aaltonen Jonathan Huberdeau 40 1 2 2
4 vs 4 Defense
Defense Defense Time % Phy DF OF
1 Tomas Kundratek Josh Morrissey 60 1 2 2
2 Michael Matheson Collin Miller 40 1 2 2
Last Minutes Offensive
Center Left Wing Right Wing Defense Defense
Noel Acciari Josh Bailey Ryan Strome Collin Miller Tomas Kundratek
Last Minutes Defensive
Center Left Wing Right Wing Defense Defense
Noel Acciari Jordan Martinook Vince Hinostroza Tomas Kundratek Michael Matheson
Goaltenders
Starting : Elvis Merzlikins
Backup : Magnus Hellberg
Extra Forwards
Normal : Jordan Martinook, Linden Vey, Noel Acciari - PP : Linden Vey, Noel Acciari - PK : Noel Acciari
Extra Defensemen
Normal : Tomas Kundratek, Michael Matheson, Collin Miller - PP : Michael Matheson - PK : Ludwig Bystrom, Michael Matheson
Penalty Shots
Nathan Walker, Miro Aaltonen, Kevin Fiala, Noel Acciari, Ryan Strome
Scratches
Zach Nastasiuk (Healthy), Nicklas Jensen (Healthy), Alan Quine (Healthy), Jaccob Slavin (Left Leg Injury), David Shields (Healthy)
Trevor Moore (Healthy), Scott Wilson (Healthy), Curtis Valk (Healthy), Anthony Louis (Healthy), Travis Boyd (Healthy)
Fredrik Claesson (Healthy), Mackenzie MacEachern (Healthy), Valentin Zykov (Healthy), Nikolaj Ehlers (Left Wrist Injury), Jayce Hawryluk (Healthy)
Nikolay Goldobin (Healthy), A.J. Jenks (Healthy), Ryan Collins (Healthy), William Lagesson (Healthy), Eamon McAdam (Healthy)
Philippe Desrosiers (Healthy), Ville Husso (Healthy)
Punishers
5 vs 5 Forward
Center Left Wing Right Wing Time % Phy DF OF
1 Andreas Athanasiou Robbie Earl Mattias Tedenby 40 1 2 2
2 Elias Lindholm Garret Ross Miikka Salomaki 30 1 2 2
3 Radek Faksa Tyler Bertuzzi Carter Ashton 20 1 2 2
4 John Quenneville Nikita Gusev Austen Brassard 10 1 2 2
5 vs 5 Defense
Defense Defense Time % Phy DF OF
1 Slava Voynov Adam Pelech 40 1 2 2
2 Madison Bowey Dylan DeMelo 30 1 2 2
3 Ben Betker Slava Voynov 20 1 2 2
4 Adam Pelech Madison Bowey 10 1 2 2
PowerPlay Forward
Center Left Wing Right Wing Time % Phy DF OF
1 Andreas Athanasiou Robbie Earl Mattias Tedenby 60 1 2 2
2 Elias Lindholm Garret Ross Miikka Salomaki 40 1 2 2
PowerPlay Defense
Defense Defense Time % Phy DF OF
1 Slava Voynov Adam Pelech 60 1 2 2
2 Madison Bowey Dylan DeMelo 40 1 2 2
Penalty Kill 4 Players Forward
Center Wing Time % Phy DF OF
1 Mattias Tedenby Robbie Earl 60 1 2 2
2 Miikka Salomaki Andreas Athanasiou 40 1 2 2
Penalty Kill 4 Players Defense
Defense Defense Time % Phy DF OF
1 Slava Voynov Adam Pelech 60 1 2 2
2 Madison Bowey Dylan DeMelo 40 1 2 2
Penalty Kill - 3 Players Forward
Forward Time % Phy DF OF
1 Mattias Tedenby 60 1 2 2
2 Robbie Earl 40 1 2 2
Penalty Kill - 3 Players Defense
Defense Defense Time % Phy DF OF
1 Slava Voynov Adam Pelech 60 1 2 2
2 Madison Bowey Dylan DeMelo 40 1 2 2
4 vs 4 Forward
Center Wing Time % Phy DF OF
1 Mattias Tedenby Robbie Earl 60 1 2 2
2 Miikka Salomaki Andreas Athanasiou 40 1 2 2
4 vs 4 Defense
Defense Defense Time % Phy DF OF
1 Slava Voynov Adam Pelech 60 1 2 2
2 Madison Bowey Dylan DeMelo 40 1 2 2
Last Minutes Offensive
Center Left Wing Right Wing Defense Defense
Andreas Athanasiou Robbie Earl Mattias Tedenby Slava Voynov Adam Pelech
Last Minutes Defensive
Center Left Wing Right Wing Defense Defense
Andreas Athanasiou Robbie Earl Mattias Tedenby Slava Voynov Adam Pelech
Goaltenders
Starting : Daniel Altshuller
Backup : Louis Domingue
Extra Forwards
Normal : John Macfarland, Michael Joly, Alex Schoenborn - PP : John Macfarland, Michael Joly - PK : Alex Schoenborn
Extra Defensemen
Normal : Ben Betker, Dylan DeMelo, Slava Voynov - PP : Ben Betker - PK : Dylan DeMelo, Slava Voynov
Penalty Shots
Mattias Tedenby, Robbie Earl, Miikka Salomaki, Andreas Athanasiou, Carter Ashton
Scratches
Samuel Morin (Right Foot Injury), Ivan Nalimov (Healthy)
% Time on Ice - Knights
Lines # - Real PCT - Wanted PCT - Time Play
Normal Forward
1 - 34% - 40% - 16:07
2 - 26% - 30% - 12:19
3 - 24% - 20% - 11:20
4 - 17% - 10% - 7:53
Normal Defense
1 - 39% - 40% - 18:41
2 - 33% - 30% - 15:41
3 - 26% - 20% - 12:24
4 - 2% - 10% - 0:53
PP Forward
1 - 55% - 60% - 5:39
2 - 45% - 40% - 4:43
PP Defense
1 - 74% - 60% - 7:38
2 - 26% - 40% - 2:44
PK Forward
1 - 89% - 60% - 1:46
2 - 11% - 40% - 0:13
PK Defense
1 - 71% - 60% - 1:24
2 - 29% - 40% - 0:35
PK3 Forward
1 - 0% - 60%
2 - 0% - 40%
PK3 Defense
1 - 0% - 60%
2 - 0% - 40%
44 Forward
1 - 0% - 60%
2 - 0% - 40%
44 Defense
1 - 0% - 60%
2 - 0% - 40%
Last Minute Offensive - 0:00
Last Minute Defensive - 0:00
Total
Forward - 60:00
Defense - 60:00
|
% Time on Ice - Punishers
Lines # - Real PCT - Wanted PCT - Time Play
Normal Forward
1 - 35% - 40% - 16:37
2 - 26% - 30% - 12:16
3 - 24% - 20% - 11:26
4 - 15% - 10% - 7:20
Normal Defense
1 - 37% - 40% - 17:45
2 - 37% - 30% - 17:44
3 - 19% - 20% - 9:06
4 - 6% - 10% - 3:04
PP Forward
1 - 55% - 60% - 1:05
2 - 45% - 40% - 0:54
PP Defense
1 - 55% - 60% - 1:05
2 - 45% - 40% - 0:54
PK Forward
1 - 69% - 60% - 7:11
2 - 31% - 40% - 3:11
PK Defense
1 - 71% - 60% - 7:19
2 - 29% - 40% - 3:03
PK3 Forward
1 - 0% - 60%
2 - 0% - 40%
PK3 Defense
1 - 0% - 60%
2 - 0% - 40%
44 Forward
1 - 0% - 60%
2 - 0% - 40%
44 Defense
1 - 0% - 60%
2 - 0% - 40%
Last Minute Offensive - 0:00
Last Minute Defensive - 0:00
Total
Forward - 60:00
Defense - 60:00
|
Play-by-Play
1st period
0:01 of 1st period - Andreas Athanasiou wins face-off versus Noel Acciari in neutral zone.
0:59 of 1st period - Icing by Carter Ashton.
1:00 of 1st period - Radek Faksa wins face-off versus Kevin Fiala in Punishers zone.
1:05 of 1st period - Slapshot by Kevin Fiala.
1:05 of 1st period - Deflect By Vince Hinostroza.
1:05 of 1st period - Stopped by Daniel Altshuller with a rebound.
1:07 of 1st period - Slapshot by Matthew Benning.
1:07 of 1st period - Stopped by Daniel Altshuller with a rebound.
1:09 of 1st period - Snap shot by Vince Hinostroza.
1:09 of 1st period - Stopped by Daniel Altshuller without a rebound.
1:10 of 1st period - Nicolas Petan wins face-off versus Mattias Tedenby in Punishers zone.
1:11 of 1st period - Snap shot by Vince Hinostroza.
1:11 of 1st period - Shot Blocked by Robbie Earl.
1:13 of 1st period - Slapshot by Vince Hinostroza.
1:13 of 1st period - Shot Misses the Net.
1:15 of 1st period - Snap shot by Vince Hinostroza.
1:15 of 1st period - Stopped by Daniel Altshuller with a rebound.
1:47 of 1st period - Wrist shot by Vince Hinostroza.
1:47 of 1st period - Shot Misses the Net.
1:49 of 1st period - Slapshot by Matthew Benning.
1:49 of 1st period - Stopped by Daniel Altshuller with a rebound.
1:51 of 1st period - Slapshot by Matthew Benning.
1:51 of 1st period - Deflect By Robbie Earl.
1:51 of 1st period - Stopped by Daniel Altshuller without a rebound.
1:52 of 1st period - John Quenneville wins face-off versus Noel Acciari in Punishers zone.
4:41 of 1st period - Icing by Radek Faksa.
4:42 of 1st period - Nicolas Petan wins face-off versus Andreas Athanasiou in Punishers zone.
4:53 of 1st period - Snap shot by Vince Hinostroza.
4:53 of 1st period - Shot Blocked by Ben Betker.
4:55 of 1st period - Slapshot by Collin Miller.
4:55 of 1st period - Deflect By Nicolas Petan.
4:55 of 1st period - Shot Misses the Net.
4:55 of 1st period - Puck is out of play.
4:56 of 1st period - Noel Acciari wins face-off versus Miikka Salomaki in Punishers zone.
5:03 of 1st period - Snap shot by Jonathan Huberdeau.
5:03 of 1st period - Stopped by Daniel Altshuller without a rebound.
5:04 of 1st period - Noel Acciari wins face-off versus Elias Lindholm in Punishers zone.
5:36 of 1st period - Snap shot by Mattias Tedenby.
5:36 of 1st period - Stopped by Elvis Merzlikins without a rebound.
5:37 of 1st period - Noel Acciari wins face-off versus Andreas Athanasiou in Knights zone.
6:08 of 1st period - Miro Aaltonen is hit by Elias Lindholm and loses puck.
7:31 of 1st period - Snap shot by Robbie Earl.
7:31 of 1st period - Stopped by Elvis Merzlikins with a rebound.
8:10 of 1st period - Carter Ashton is hit by Jonathan Huberdeau and loses puck.
8:26 of 1st period - Kevin Fiala is hit by John Quenneville and loses puck.
9:03 of 1st period - Snap shot by Mattias Tedenby.
9:03 of 1st period - Stopped by Elvis Merzlikins without a rebound.
9:04 of 1st period - Noel Acciari wins face-off versus Andreas Athanasiou in Knights zone.
9:09 of 1st period - Robbie Earl is hit by Josh Bailey and loses puck.
9:24 of 1st period - Robbie Earl is hit by Michael Matheson and loses puck.
9:37 of 1st period - Ryan Strome is hit by Miikka Salomaki.
10:13 of 1st period - Icing by Radek Faksa.
10:14 of 1st period - Radek Faksa wins face-off versus Nicolas Petan in Punishers zone.
10:30 of 1st period - Slapshot by Tyler Bertuzzi.
10:30 of 1st period - Stopped by Elvis Merzlikins with a rebound.
10:48 of 1st period - Minor Penalty to Adam Pelech for Roughing.
10:49 of 1st period - Mattias Tedenby wins face-off versus Noel Acciari in Punishers zone.
11:25 of 1st period - Wrist shot by Miro Aaltonen.
11:25 of 1st period - Stopped by Daniel Altshuller with a rebound.
11:27 of 1st period - Slapshot by Michael Matheson.
11:27 of 1st period - Deflect By Ryan Strome.
11:27 of 1st period - Stopped by Daniel Altshuller without a rebound.
11:28 of 1st period - Mattias Tedenby wins face-off versus Noel Acciari in Punishers zone.
11:53 of 1st period - Robbie Earl is hit by Ryan Strome and loses puck.
12:47 of 1st period - Snap shot by John Macfarland.
12:47 of 1st period - Stopped by Elvis Merzlikins with a rebound.
12:48 of 1st period - Penalty to Adam Pelech is over, Adam Pelech is back on ice.
13:03 of 1st period - Snap shot by Vince Hinostroza.
13:03 of 1st period - Shot Blocked by Adam Pelech.
13:05 of 1st period - Slapshot by Michael Matheson.
13:05 of 1st period - Shot Blocked by Ben Betker.
13:07 of 1st period - Snap shot by Kevin Fiala.
13:07 of 1st period - Shot Misses the Net.
13:09 of 1st period - Slapshot by Michael Matheson.
13:09 of 1st period - Shot Misses the Net.
13:39 of 1st period - Slapshot by Garret Ross.
13:39 of 1st period - Stopped by Elvis Merzlikins with a rebound.
13:41 of 1st period - Wrist shot by Miikka Salomaki.
13:41 of 1st period - Deflect By Miro Aaltonen.
13:41 of 1st period - Shot Blocked by Miro Aaltonen.
13:41 of 1st period - Puck is out of play.
13:42 of 1st period - Robbie Earl wins face-off versus Noel Acciari in Knights zone.
13:49 of 1st period - Snap shot by Robbie Earl.
13:49 of 1st period - Stopped by Elvis Merzlikins with a rebound.
14:27 of 1st period - Jordan Martinook is hit by Adam Pelech and loses puck.
14:44 of 1st period - Wrist shot by Jonathan Huberdeau.
14:44 of 1st period - Stopped by Daniel Altshuller with a rebound.
14:48 of 1st period - Wrist shot by Jonathan Huberdeau.
14:48 of 1st period - Shot Misses the Net.
16:35 of 1st period - Snap shot by Nathan Walker.
16:35 of 1st period - Shot Misses the Net.
17:09 of 1st period - Minor Penalty to Radek Faksa for Holding.
17:10 of 1st period - Josh Bailey wins face-off versus Mattias Tedenby in Punishers zone.
17:13 of 1st period - Wrist shot by Josh Bailey.
17:13 of 1st period - Shot Blocked by Adam Pelech.
17:15 of 1st period - Backhand shot by Tomas Kundratek.
17:15 of 1st period - Shot Blocked by Adam Pelech.
17:17 of 1st period - Slapshot by Tomas Kundratek.
17:17 of 1st period - Shot Blocked by Slava Voynov.
17:19 of 1st period - Snap shot by Josh Bailey.
17:19 of 1st period - Deflect By Jonathan Huberdeau.
17:19 of 1st period - Shot Misses the Net.
17:19 of 1st period - Puck is out of play.
17:20 of 1st period - Noel Acciari wins face-off versus Mattias Tedenby in Punishers zone.
18:03 of 1st period - Wrist shot by Jonathan Huberdeau.
18:03 of 1st period - Shot Misses the Net.
18:05 of 1st period - Wrist shot by Jonathan Huberdeau.
18:05 of 1st period - Stopped by Daniel Altshuller with a rebound.
19:06 of 1st period - Collin Miller is hit by Alex Schoenborn and loses puck.
19:09 of 1st period - Penalty to Radek Faksa is over, Radek Faksa is back on ice.
19:23 of 1st period - Collin Miller is hit by Nikita Gusev and loses puck.
19:38 of 1st period - Nicolas Petan is hit by John Quenneville and loses puck.
Goals for this period are 0 for Knights vs 0 for Punishers.
Shots for this period are 11 for Knights vs 7 for Punishers.
2nd period
0:01 of 2nd period - Noel Acciari wins face-off versus Andreas Athanasiou in neutral zone.
1:28 of 2nd period - Wrist shot by Mattias Tedenby.
1:28 of 2nd period - Stopped by Elvis Merzlikins with a rebound.
1:50 of 2nd period - Miikka Salomaki is hit by Nathan Walker and loses puck.
1:55 of 2nd period - Slapshot by Brendan Gaunce.
1:55 of 2nd period - Stopped by Daniel Altshuller with a rebound.
1:57 of 2nd period - Slapshot by Tomas Kundratek.
1:57 of 2nd period - Stopped by Daniel Altshuller without a rebound.
1:58 of 2nd period - Andreas Athanasiou wins face-off versus Noel Acciari in Punishers zone.
2:31 of 2nd period - Minor Penalty to Slava Voynov for Roughing.
2:32 of 2nd period - Noel Acciari wins face-off versus Mattias Tedenby in Punishers zone.
2:40 of 2nd period - Wrist shot by Robbie Earl.
2:40 of 2nd period - Stopped by Elvis Merzlikins with a rebound.
4:31 of 2nd period - Penalty to Slava Voynov is over, Slava Voynov is back on ice.
4:35 of 2nd period - Wrist shot by Slava Voynov.
4:35 of 2nd period - Shot Misses the Net.
4:41 of 2nd period - Snap shot by Carter Ashton.
4:41 of 2nd period - Shot Misses the Net.
5:01 of 2nd period - Wrist shot by Garret Ross.
5:01 of 2nd period - Deflect By Miikka Salomaki.
5:01 of 2nd period - Stopped by Elvis Merzlikins without a rebound.
5:02 of 2nd period - Brendan Gaunce wins face-off versus Elias Lindholm in Knights zone.
5:02 of 2nd period - Brendan Gaunce is hit by Elias Lindholm.
5:10 of 2nd period - Snap shot by Garret Ross.
5:10 of 2nd period - Stopped by Elvis Merzlikins without a rebound.
5:11 of 2nd period - Andreas Athanasiou wins face-off versus Linden Vey in Knights zone.
5:26 of 2nd period - Snap shot by Mattias Tedenby.
5:26 of 2nd period - Stopped by Elvis Merzlikins with a rebound.
5:36 of 2nd period - Ludwig Bystrom is hit by Tyler Bertuzzi.
6:21 of 2nd period - Snap shot by Linden Vey.
6:21 of 2nd period - Stopped by Daniel Altshuller without a rebound.
6:22 of 2nd period - Noel Acciari wins face-off versus Andreas Athanasiou in Punishers zone.
6:35 of 2nd period - Slapshot by Jonathan Huberdeau.
6:35 of 2nd period - Stopped by Daniel Altshuller without a rebound.
6:36 of 2nd period - Andreas Athanasiou wins face-off versus Noel Acciari in Punishers zone.
6:36 of 2nd period - Andreas Athanasiou is hit by Tomas Kundratek.
6:42 of 2nd period - Tomas Kundratek is hit by Andreas Athanasiou and loses puck.
7:03 of 2nd period - Madison Bowey is hit by Tomas Kundratek and loses puck.
8:05 of 2nd period - Radek Faksa is hit by Jordan Martinook.
8:44 of 2nd period - Snap shot by Adam Pelech.
8:44 of 2nd period - Stopped by Elvis Merzlikins without a rebound.
8:45 of 2nd period - Nicolas Petan wins face-off versus Mattias Tedenby in Knights zone.
8:51 of 2nd period - Minor Penalty to Andreas Athanasiou for Hooking.
8:52 of 2nd period - Mattias Tedenby wins face-off versus Noel Acciari in Punishers zone.
9:42 of 2nd period - Off-side.
9:43 of 2nd period - Miikka Salomaki wins face-off versus Noel Acciari in neutral zone.
9:45 of 2nd period - Off-side.
9:46 of 2nd period - Noel Acciari wins face-off versus Miikka Salomaki in neutral zone.
9:51 of 2nd period - Snap shot by Noel Acciari.
9:51 of 2nd period - Goal by Noel Acciari - Knights : 1 - Punishers : 0.
9:52 of 2nd period - Noel Acciari wins face-off versus Andreas Athanasiou in neutral zone.
9:55 of 2nd period - Wrist shot by Tomas Kundratek.
9:55 of 2nd period - Stopped by Daniel Altshuller with a rebound.
10:07 of 2nd period - Icing by Jonathan Huberdeau.
10:08 of 2nd period - Miikka Salomaki wins face-off versus Noel Acciari in Knights zone.
10:36 of 2nd period - Icing by Tomas Kundratek.
10:37 of 2nd period - Noel Acciari wins face-off versus Andreas Athanasiou in Knights zone.
10:51 of 2nd period - Wrist shot by Jonathan Huberdeau.
10:51 of 2nd period - Stopped by Daniel Altshuller without a rebound.
10:52 of 2nd period - Miro Aaltonen wins face-off versus Elias Lindholm in Punishers zone.
11:03 of 2nd period - Snap shot by Miikka Salomaki.
11:03 of 2nd period - Shot Misses the Net.
11:05 of 2nd period - Slapshot by Miikka Salomaki.
11:05 of 2nd period - Stopped by Elvis Merzlikins with a rebound.
11:13 of 2nd period - Minor Penalty to Miro Aaltonen for Hooking.
11:14 of 2nd period - Noel Acciari wins face-off versus Andreas Athanasiou in Knights zone.
11:25 of 2nd period - Michael Matheson is hit by Slava Voynov and loses puck.
11:52 of 2nd period - Slapshot by Adam Pelech.
11:52 of 2nd period - Shot Misses the Net.
13:13 of 2nd period - Penalty to Miro Aaltonen is over, Miro Aaltonen is back on ice.
13:36 of 2nd period - Kevin Fiala is hit by Ben Betker and loses puck.
13:43 of 2nd period - Snap shot by John Quenneville.
13:43 of 2nd period - Shot Misses the Net.
13:45 of 2nd period - Slapshot by Madison Bowey.
13:45 of 2nd period - Deflect By Ludwig Bystrom.
13:45 of 2nd period - Stopped by Elvis Merzlikins without a rebound.
13:46 of 2nd period - Radek Faksa wins face-off versus Miro Aaltonen in Knights zone.
13:47 of 2nd period - Snap shot by Carter Ashton.
13:47 of 2nd period - Shot Misses the Net.
13:55 of 2nd period - Wrist shot by Carter Ashton.
13:55 of 2nd period - Stopped by Elvis Merzlikins without a rebound.
13:56 of 2nd period - Radek Faksa wins face-off versus Miro Aaltonen in Knights zone.
14:11 of 2nd period - Snap shot by Carter Ashton.
14:11 of 2nd period - Stopped by Elvis Merzlikins without a rebound.
14:12 of 2nd period - Andreas Athanasiou wins face-off versus Noel Acciari in Knights zone.
14:44 of 2nd period - Adam Pelech is hit by Ryan Strome and loses puck.
15:25 of 2nd period - Wrist shot by Nathan Walker.
15:25 of 2nd period - Stopped by Daniel Altshuller with a rebound.
15:27 of 2nd period - Wrist shot by Linden Vey.
15:27 of 2nd period - Shot Blocked by Radek Faksa.
15:29 of 2nd period - Wrist shot by Brendan Gaunce.
15:29 of 2nd period - Stopped by Daniel Altshuller with a rebound.
15:39 of 2nd period - Michael Matheson is hit by Andreas Athanasiou and loses puck.
16:34 of 2nd period - Ludwig Bystrom is hit by Radek Faksa and loses puck.
16:57 of 2nd period - Wrist shot by Robbie Earl.
16:57 of 2nd period - Stopped by Elvis Merzlikins without a rebound.
16:58 of 2nd period - Noel Acciari wins face-off versus Andreas Athanasiou in Knights zone.
17:30 of 2nd period - Nathan Walker is hit by Garret Ross and loses puck.
18:39 of 2nd period - Wrist shot by Miro Aaltonen.
18:39 of 2nd period - Shot Blocked by Slava Voynov.
19:01 of 2nd period - Wrist shot by Tyler Bertuzzi.
19:01 of 2nd period - Shot Blocked by Ludwig Bystrom.
19:03 of 2nd period - Snap shot by Slava Voynov.
19:03 of 2nd period - Shot Blocked by Matthew Benning.
19:05 of 2nd period - Snap shot by Tyler Bertuzzi.
19:05 of 2nd period - Goal by Tyler Bertuzzi - Knights : 1 - Punishers : 1.
19:06 of 2nd period - Noel Acciari wins face-off versus Andreas Athanasiou in neutral zone.
19:44 of 2nd period - Off-side.
19:45 of 2nd period - Jonathan Huberdeau wins face-off versus Andreas Athanasiou in neutral zone.
19:53 of 2nd period - Josh Bailey is hit by Andreas Athanasiou and loses puck.
Goals for this period are 1 for Knights vs 1 for Punishers.
Shots for this period are 9 for Knights vs 12 for Punishers.
3rd period
0:01 of 3rd period - Noel Acciari wins face-off versus Andreas Athanasiou in neutral zone.
0:26 of 3rd period - Slava Voynov is hit by Michael Matheson.
0:34 of 3rd period - Wrist shot by Jordan Martinook.
0:34 of 3rd period - Shot Misses the Net.
1:14 of 3rd period - Wrist shot by Vince Hinostroza.
1:14 of 3rd period - Shot Misses the Net.
1:16 of 3rd period - Snap shot by Ludwig Bystrom.
1:16 of 3rd period - Shot Misses the Net.
1:57 of 3rd period - Snap shot by Miro Aaltonen.
1:57 of 3rd period - Stopped by Daniel Altshuller with a rebound.
2:05 of 3rd period - Minor Penalty to Slava Voynov for Hooking.
2:06 of 3rd period - Josh Bailey wins face-off versus Mattias Tedenby in Punishers zone.
2:07 of 3rd period - Slapshot by Jonathan Huberdeau.
2:07 of 3rd period - Shot Misses the Net.
2:09 of 3rd period - Snap shot by Noel Acciari.
2:09 of 3rd period - Shot Misses the Net.
2:11 of 3rd period - Slapshot by Josh Morrissey.
2:11 of 3rd period - Deflect By Mattias Tedenby.
2:11 of 3rd period - Stopped by Daniel Altshuller with a rebound.
2:13 of 3rd period - Slapshot by Jonathan Huberdeau.
2:13 of 3rd period - Shot Misses the Net.
2:15 of 3rd period - Slapshot by Josh Morrissey.
2:15 of 3rd period - Goal by Josh Morrissey - Knights : 2 - Punishers : 1.
2:16 of 3rd period - Noel Acciari wins face-off versus Andreas Athanasiou in neutral zone.
2:21 of 3rd period - Snap shot by Michael Matheson.
2:21 of 3rd period - Shot Blocked by Adam Pelech.
3:08 of 3rd period - Collin Miller is hit by Carter Ashton and loses puck.
3:45 of 3rd period - Minor Penalty to Andreas Athanasiou for Diving.
3:46 of 3rd period - Mattias Tedenby wins face-off versus Noel Acciari in Punishers zone.
3:46 of 3rd period - Mattias Tedenby is hit by Tomas Kundratek.
5:25 of 3rd period - Radek Faksa is hit by Nathan Walker and loses puck.
5:45 of 3rd period - Penalty to Andreas Athanasiou is over, Andreas Athanasiou is back on ice.
5:52 of 3rd period - Nikita Gusev is hit by Collin Miller and loses puck.
6:18 of 3rd period - Slapshot by Dylan DeMelo.
6:18 of 3rd period - Shot Hit the Post.
6:20 of 3rd period - Snap shot by Tyler Bertuzzi.
6:20 of 3rd period - Deflect By Radek Faksa.
6:20 of 3rd period - Shot Misses the Net.
6:20 of 3rd period - Puck is out of play.
6:21 of 3rd period - Nicolas Petan wins face-off versus Radek Faksa in Knights zone.
6:21 of 3rd period - Nicolas Petan is hit by Carter Ashton.
6:22 of 3rd period - Nicolas Petan from Knights is injured at 6:22 of 3rd period (Sprained Left Finger).
6:23 of 3rd period - Noel Acciari wins face-off versus Andreas Athanasiou in Knights zone.
6:34 of 3rd period - Wrist shot by Jonathan Huberdeau.
6:34 of 3rd period - Shot Misses the Net.
6:48 of 3rd period - Miikka Salomaki is hit by Jordan Martinook.
6:56 of 3rd period - Wrist shot by Miikka Salomaki.
6:56 of 3rd period - Shot Misses the Net.
7:28 of 3rd period - Ben Betker is hit by Josh Morrissey and loses puck.
7:35 of 3rd period - Slapshot by Noel Acciari.
7:35 of 3rd period - Shot Misses the Net.
7:37 of 3rd period - Slapshot by Noel Acciari.
7:37 of 3rd period - Shot Misses the Net.
7:39 of 3rd period - Slapshot by Collin Miller.
7:39 of 3rd period - Shot Blocked by Ben Betker.
7:51 of 3rd period - Snap shot by Miro Aaltonen.
7:51 of 3rd period - Shot Misses the Net.
7:53 of 3rd period - Snap shot by Ryan Strome.
7:53 of 3rd period - Deflect By Jordan Martinook.
7:53 of 3rd period - Stopped by Daniel Altshuller without a rebound.
7:54 of 3rd period - Andreas Athanasiou wins face-off versus Miro Aaltonen in Punishers zone.
7:59 of 3rd period - Slapshot by Adam Pelech.
7:59 of 3rd period - Stopped by Elvis Merzlikins with a rebound.
8:25 of 3rd period - Icing by Matthew Benning.
8:26 of 3rd period - Miro Aaltonen wins face-off versus Elias Lindholm in Knights zone.
8:47 of 3rd period - Snap shot by Jordan Martinook.
8:47 of 3rd period - Goal by Jordan Martinook - Knights : 3 - Punishers : 1.
8:48 of 3rd period - Noel Acciari wins face-off versus Andreas Athanasiou in neutral zone.
9:13 of 3rd period - Brendan Gaunce is hit by Miikka Salomaki and loses puck.
10:24 of 3rd period - Snap shot by Linden Vey.
10:24 of 3rd period - Shot Misses the Net.
10:30 of 3rd period - Slava Voynov is hit by Linden Vey and loses puck.
10:45 of 3rd period - Slapshot by Mattias Tedenby.
10:45 of 3rd period - Shot Misses the Net.
10:47 of 3rd period - Wrist shot by Andreas Athanasiou.
10:47 of 3rd period - Stopped by Elvis Merzlikins with a rebound.
11:35 of 3rd period - Snap shot by Brendan Gaunce.
11:35 of 3rd period - Shot Misses the Net.
11:37 of 3rd period - Slapshot by Tomas Kundratek.
11:37 of 3rd period - Deflect By Carter Ashton.
11:37 of 3rd period - Stopped by Daniel Altshuller without a rebound.
11:38 of 3rd period - Noel Acciari wins face-off versus Andreas Athanasiou in Punishers zone.
11:45 of 3rd period - Snap shot by Noel Acciari.
11:45 of 3rd period - Stopped by Daniel Altshuller without a rebound.
11:46 of 3rd period - Noel Acciari wins face-off versus Andreas Athanasiou in Punishers zone.
11:59 of 3rd period - Snap shot by Jonathan Huberdeau.
11:59 of 3rd period - Shot Misses the Net.
12:01 of 3rd period - Slapshot by Josh Morrissey.
12:01 of 3rd period - Shot Misses the Net.
12:11 of 3rd period - Snap shot by Linden Vey.
12:11 of 3rd period - Stopped by Daniel Altshuller with a rebound.
12:21 of 3rd period - Wrist shot by Mattias Tedenby.
12:21 of 3rd period - Shot Misses the Net.
12:23 of 3rd period - Snap shot by Andreas Athanasiou.
12:23 of 3rd period - Shot Hit the Post.
12:25 of 3rd period - Snap shot by Robbie Earl.
12:25 of 3rd period - Goal by Robbie Earl - Knights : 3 - Punishers : 2.
12:26 of 3rd period - Noel Acciari wins face-off versus Elias Lindholm in neutral zone.
12:39 of 3rd period - Snap shot by Jonathan Huberdeau.
12:39 of 3rd period - Goal by Jonathan Huberdeau - Knights : 4 - Punishers : 2.
12:40 of 3rd period - Andreas Athanasiou wins face-off versus Noel Acciari in neutral zone.
12:51 of 3rd period - Off-side.
12:52 of 3rd period - Robbie Earl wins face-off versus Noel Acciari in neutral zone.
13:17 of 3rd period - Michael Matheson is hit by Slava Voynov and loses puck.
13:24 of 3rd period - Wrist shot by Garret Ross.
13:24 of 3rd period - Stopped by Elvis Merzlikins with a rebound.
13:26 of 3rd period - Snap shot by Miikka Salomaki.
13:26 of 3rd period - Deflect By Garret Ross.
13:26 of 3rd period - Shot Blocked by Michael Matheson.
13:26 of 3rd period - Puck is out of play.
13:27 of 3rd period - Jonathan Huberdeau wins face-off versus Robbie Earl in Knights zone.
13:27 of 3rd period - Jonathan Huberdeau is hit by Robbie Earl.
13:33 of 3rd period - Slapshot by Mattias Tedenby.
13:33 of 3rd period - Stopped by Elvis Merzlikins with a rebound.
13:58 of 3rd period - Miro Aaltonen is hit by Garret Ross and loses puck.
14:15 of 3rd period - Adam Pelech is hit by Collin Miller and loses puck.
15:22 of 3rd period - Wrist shot by Garret Ross.
15:22 of 3rd period - Shot Blocked by Ludwig Bystrom.
15:42 of 3rd period - Slapshot by Radek Faksa.
15:42 of 3rd period - Stopped by Elvis Merzlikins without a rebound.
15:43 of 3rd period - Radek Faksa wins face-off versus Noel Acciari in Knights zone.
15:52 of 3rd period - Wrist shot by Jonathan Huberdeau.
15:52 of 3rd period - Shot Misses the Net.
15:58 of 3rd period - Wrist shot by Tyler Bertuzzi.
15:58 of 3rd period - Stopped by Elvis Merzlikins with a rebound.
16:10 of 3rd period - Wrist shot by Robbie Earl.
16:10 of 3rd period - Stopped by Elvis Merzlikins with a rebound.
16:12 of 3rd period - Snap shot by Robbie Earl.
16:12 of 3rd period - Deflect By Mattias Tedenby.
16:12 of 3rd period - Shot Misses the Net.
16:12 of 3rd period - Puck is out of play.
16:13 of 3rd period - Brendan Gaunce wins face-off versus Andreas Athanasiou in Knights zone.
16:38 of 3rd period - Slava Voynov is hit by Jonathan Huberdeau and loses puck.
17:07 of 3rd period - Snap shot by Radek Faksa.
17:07 of 3rd period - Shot Blocked by Ryan Strome.
17:09 of 3rd period - Slapshot by Ben Betker.
17:09 of 3rd period - Shot Blocked by Miro Aaltonen.
17:11 of 3rd period - Slapshot by Slava Voynov.
17:11 of 3rd period - Deflect By Michael Matheson.
17:11 of 3rd period - Stopped by Elvis Merzlikins with a rebound.
17:13 of 3rd period - Snap shot by Radek Faksa.
17:13 of 3rd period - Shot Misses the Net.
17:15 of 3rd period - Snap shot by Carter Ashton.
17:15 of 3rd period - Stopped by Elvis Merzlikins with a rebound.
17:17 of 3rd period - Wrist shot by Radek Faksa.
17:17 of 3rd period - Shot Blocked by Tomas Kundratek.
17:17 of 3rd period - Tomas Kundratek from Knights is injured at 17:17 of 3rd period (Strained Right Knee).
17:18 of 3rd period - Andreas Athanasiou wins face-off versus Noel Acciari in Knights zone.
17:25 of 3rd period - Slapshot by Adam Pelech.
17:25 of 3rd period - Deflect By Robbie Earl.
17:25 of 3rd period - Shot Misses the Net.
17:25 of 3rd period - Puck is out of play.
17:26 of 3rd period - Andreas Athanasiou wins face-off versus Noel Acciari in Knights zone.
17:31 of 3rd period - Snap shot by Mattias Tedenby.
17:31 of 3rd period - Stopped by Elvis Merzlikins with a rebound.
17:51 of 3rd period - Slapshot by Collin Miller.
17:51 of 3rd period - Stopped by Daniel Altshuller with a rebound.
18:43 of 3rd period - Minor Penalty to Dylan DeMelo for Hooking.
18:44 of 3rd period - Noel Acciari wins face-off versus Mattias Tedenby in Punishers zone.
18:53 of 3rd period - Wrist shot by Jonathan Huberdeau.
18:53 of 3rd period - Deflect By Noel Acciari.
18:53 of 3rd period - Stopped by Daniel Altshuller with a rebound.
Goals for this period are 3 for Knights vs 1 for Punishers.
Shots for this period are 11 for Knights vs 11 for Punishers.
Back to the Top